Cogmind - Beta 11.1 @@@ ROGUE MODE // 2022.11.03 @ 19:00:21 Player: Hilbert Result: Destroyed by 94-7C1(B) with Slug Cannon Performance ------------- Evolutions (3) 1500 Regions Visited (9) 1800 Robots Destroyed (32) 160 Value Destroyed (1334) 1334 Prototype IDs (3) 60 Alien Tech Used (0) 0 Bonus (720) 720 TOTAL SCORE: 5574 Bonus ------- Follower Combat Kills 120 Aligned with FarCom 300 Met Imprinter 300 Cogmind --------- Core Integrity 0/700 Matter 300/300 Energy 98/100 System Corruption 7% Temperature Cool (0) Movement Core (50) Location -7/Zion Parts ------- > --- POWER (1) -------- (None) > --- PROPULSION (4) --- (None) > --- UTILITY (6) ------ (None) > --- WEAPON (2) ------- (None) > --- INVENTORY (5) ---- Nuclear Core Medium Storage Unit Improved Propulsion Shielding Hacking Suite Light Assault Rifle Peak State ------------ > --- POWER ------------ Heavy Deuterium Engine > --- PROPULSION ------- Armored Treads Armored Wheel > --- UTILITY ---------- Large Storage Unit Improved Terrain Scanner Terrain Scan Processor Armor Integrity Analyzer Hardened Medium Armor Plating Hardlight Generator > --- WEAPON ----------- Light Assault Rifle Flak Gun > --- INVENTORY -------- Ion Engine Coolant Injector Medium Storage Unit Improved Sensor Array Microactuators Improved Propulsion Shielding Hardened Medium Armor Plating Skeleton Box Recalibrator Small Laser Improved EM Pulse Cannon Light Assault Rifle Heavy Mace [Rating: 34] Favorites ----------- Power Heavy Deuterium Engine Engine Heavy Deuterium Engine Power Core Nuclear Core Propulsion Armored Treads Treads Armored Treads Leg Aluminum Leg Wheel Wheel Utility Terrain Scan Processor Device Hardlight Generator Storage Large Storage Unit Processor Terrain Scan Processor Protection Hardened Medium Armor Plating Weapon Light Assault Rifle Energy Gun Small Laser Energy Cannon Improved EM Pulse Cannon Ballistic Gun Light Assault Rifle Launcher Grenade Launcher Impact Weapon Heavy Mace Piercing Weapon CR-A16's Pointy Stick Build | -11 -10 -10 -10 -9 -8 -7 -7 -7 -7 ------- Run | Scr Mat Min Exi Min Mat Fac Low Low Zio Slots Evolved 6 | . . . . . 4 2 . . . Power . | . . . . . . . . . . Propulsion 2 | . . . . . 1 1 . . . Utility 4 | . . . . . 3 1 . . . Weapon . | . . . . . . . . . . Parts Attached 40 | 2 2 . . . 14 11 6 1 4 Power 4 | . . . . . 1 1 1 . 1 Engine 3 | . . . . . 1 1 1 . . Core 1 | . . . . . . . . . 1 Reactor . | . . . . . . . . . . Propulsion 12 | 2 . . . . 4 3 2 . 1 Treads 6 | 1 . . . . 2 1 1 . 1 Leg 1 | . . . . . . 1 . . . Wheel 5 | 1 . . . . 2 1 1 . . Hover . | . . . . . . . . . . Flight . | . . . . . . . . . . Utility 12 | . 2 . . . 5 3 1 . 1 Device 6 | . 1 . . . 2 2 . . 1 Storage 2 | . 1 . . . 1 . . . . Processor 2 | . . . . . 1 1 . . . Hackware . | . . . . . . . . . . Protection 2 | . . . . . 1 . 1 . . Artifact . | . . . . . . . . . . Weapon 12 | . . . . . 4 4 2 1 1 Energy Gun 1 | . . . . . 1 . . . . Energy Cannon 2 | . . . . . . 1 1 . . Ballistic Gun 3 | . . . . . 1 1 1 . . Ballistic Cannon . | . . . . . . . . . . Launcher 3 | . . . . . 2 1 . . . Special Weapon . | . . . . . . . . . . Impact Weapon 2 | . . . . . . 1 . 1 . Slashing Weapon . | . . . . . . . . . . Piercing Weapon 1 | . . . . . . . . . 1 Special Melee Weapon . | . . . . . . . . . . Unidentified Prototypes 3 | . . . . . 1 1 . . 1 Parts Lost 20 | . . . . . 5 4 5 4 2 Power 3 | . . . . . 1 . 1 1 . Propulsion 9 | . . . . . 2 3 1 2 1 Utility 3 | . . . . . . 1 1 1 . Weapon 5 | . . . . . 2 . 2 . 1 Highest Loss Streak 4 | . . . . . 2 3 3 4 1 To Critical Strikes . | . . . . . . . . . . Average Slot Usage (%) 84 | . 90 100 100 100 94 97 88 99 16 Engine 7 | . 14 14 14 14 9 7 7 6 . Treads 12 | . 14 14 14 14 18 15 10 15 4 Leg 1 | . . . . . . 5 . . . Wheel 8 | . 14 14 14 14 8 6 8 14 . Device 14 | . 5 14 14 14 20 20 15 15 3 Storage 7 | . 14 14 14 14 9 7 7 7 . Processor 7 | . . . . . 7 8 15 15 . Protection 4 | . . . . . 5 7 7 7 . Energy Cannon 1 | . . . . . . . 2 7 . Ballistic Gun 11 | . 28 28 28 28 8 8 11 7 . Launcher 1 | . . . . . 3 2 . . . Naked Turns 18 | . . . . . . . . 1 17 Heaviest Build 54 | 10 16 16 16 16 39 54 50 47 4 Greatest Support 40 | 20 20 20 16 16 40 40 40 28 3 Greatest Overweight (x) 5 | . . . . . 3 5 4 2 1 Average Overweight (x) 1 | . . . . . 1 3 3 . . Largest Inventory Capacity 15 | 8 10 10 10 10 15 15 15 15 5 Average Capacity 12 | 8 8 10 10 10 12 15 15 14 5 Most Carried 15 | 6 8 9 10 10 9 15 14 10 5 Average Carried 9 | 6 7 8 9 9 8 11 11 9 4 Final Capacity 15 | 8 10 10 10 10 15 15 15 5 5 Final Carried 14 | 6 8 9 10 10 7 14 10 5 5 Class Distribution -------------------- 63% | Mutant 24% | Skirmisher 11% | Assassin Dominant Class ---------------- Mutant | -10/Materials Mutant | -10/Mines Mutant | -10/Exiles Mutant | -9/Mines Skirmisher | -8/Materials Skirmisher | -7/Factory Mutant | -7/Lower Caves Mutant | -7/Lower Caves Mutant | -7/Zion Resources | -11 -10 -10 -10 -9 -8 -7 -7 -7 -7 ----------- Run | Scr Mat Min Exi Min Mat Fac Low Low Zio Matter Collected 967 | 196 34 32 . . 128 306 214 7 50 Remotely . | . . . . . . . . . . Salvage Created 1198 | . 108 . . . 323 329 329 109 . Parts 66 | . 10 . . . 24 17 12 3 . Haulers Intercepted . | . . . . . . . . . . Recyclers Shooed . | . . . . . . . . . . Parts Field Recycled . | . . . . . . . . . . Retrieved Matter . | . . . . . . . . . . Parts Self-Destructed 14 | . . . . . . . 14 . . Prevented 7 | . . . . . . . 4 3 . Kills | -11 -10 -10 -10 -9 -8 -7 -7 -7 -7 ------- Run | Scr Mat Min Exi Min Mat Fac Low Low Zio Combat Hostiles Destroyed 28 | . 3 . . . 10 6 7 2 . Melee 1 | . . . . . . 1 . . . Guns 14 | . 3 . . . 3 1 7 . . Cannons 3 | . . . . . . 2 . 1 . AOE 10 | . . . . . 7 2 . 1 . Classes Destroyed 6 | . 1 . . . 2 2 1 . . Worker 1 | . . . . . . 1 . . . Builder 3 | . . . . . 3 . . . . Grunt 23 | . 3 . . . 9 3 6 2 . Duelist 1 | . . . . . . . 1 . . Sentry 3 | . . . . . 1 2 . . . Programmer 1 | . . . . . . 1 . . . Best Kill Streak 5 | . 2 . . . 5 3 4 1 . Combat Bots Only 5 | . 2 . . . 5 1 4 1 . Max Kills in Single Turn 2 | . 1 . . . 2 1 1 1 . Gunslinging . | . . . . . . . . . . Exploded 2 | . . . . . 2 1 . 1 . Melee 1 | . . . . . . 1 . . . Uniques/NPCs Destroyed . | . . . . . . . . . . Combat | -11 -10 -10 -10 -9 -8 -7 -7 -7 -7 -------- Run | Scr Mat Min Exi Min Mat Fac Low Low Zio Damage Taken 3618 | . 64 158 . . 635 692 603 413 1053 Core 835 | . 12 10 . . 89 82 27 30 585 Absorbed by Shields 376 | . . . . . . 256 120 . . Regen/Repaired (Parts) 114 | . . . . . . . . . 114 Core Remaining (%) 91 | 100 . . . 91 83 . . . . Volleys Fired 91 | . 5 6 . . 30 22 21 7 . Largest 2 | . 2 2 . . 2 2 2 2 . Hottest 89 | . 40 40 . . 60 89 89 89 . Shots Fired 171 | . 10 12 . . 51 44 40 14 . Gun 130 | . 10 12 . . 34 30 37 7 . Cannon 18 | . . . . . . 8 3 7 . Launcher 23 | . . . . . 17 6 . . . Special . | . . . . . . . . . . Kinetic 123 | . 10 12 . . 27 30 37 7 . Thermal 7 | . . . . . 7 . . . . Explosive 23 | . . . . . 17 6 . . . Electromagnetic 18 | . . . . . . 8 3 7 . Robot Hit Streak 11 | . 6 11 . . 8 11 6 4 . Robot Miss Streak 6 | . 1 2 . . 3 4 6 2 . Penetration Max . | . . . . . . . . . . Secondary Targets . | . . . . . . . . . . Shots Hit Robots 131 | . 8 9 . . 36 37 29 10 2 Core Hits 98 | . 6 2 . . 32 20 33 5 . Critical Kills . | . . . . . . . . . . Critical Parts Destroyed . | . . . . . . . . . . Critical Strikes 1 | . . . . . . 1 . . . Corrupt 1 | . . . . . . 1 . . . Melee Attacks 17 | . . . . . . 12 . . 5 Impact 12 | . . . . . . 12 . . . Slashing . | . . . . . . . . . . Piercing 5 | . . . . . . . . . 5 Sneak Attacks . | . . . . . . . . . . Combat Hostiles . | . . . . . . . . . . Follow-up Attacks . | . . . . . . . . . . Damage Inflicted 2883 | . 68 86 . . 1254 683 493 228 71 Guns 979 | . 68 86 . . 210 187 397 31 . Cannons 421 | . . . . . . 170 96 155 . Explosions 1197 | . . . . . 1044 111 . 42 . Melee 276 | . . . . . . 205 . . 71 Ramming 10 | . . . . . . 10 . . . Kinetic 925 | . 68 86 . . 156 187 397 31 . Thermal 96 | . . . . . 54 . . 42 . Explosive 1155 | . . . . . 1044 111 . . . Electromagnetic 421 | . . . . . . 170 96 155 . Impact 205 | . . . . . . 205 . . . Slashing . | . . . . . . . . . . Piercing 71 | . . . . . . . . . 71 Highest Corruption 7 | . . . . . . . . . 7 Average Corruption 6 | . . . . . . . . . 6 Corruption Purged . | . . . . . . . . . . Corruption Blocked . | . . . . . . . . . . Effects 1 | . . . . . . . . . 1 Alerts 1 | . . . . . . . . . 1 Overload Shots . | . . . . . . . . . . Overflow Damage 58 | . . . . . 15 30 6 . 7 Projectiles 6 | . . . . . . . 6 . . Explosions 15 | . . . . . 15 . . . . Melee 37 | . . . . . . 30 . . 7 Knockbacks 1 | . . . . . . 1 . . . Impact 1 | . . . . . . 1 . . . Kinetic . | . . . . . . . . . . Secondary . | . . . . . . . . . . Self-Inflicted Damage 4 | . . . . . . 4 . . . Shots . | . . . . . . . . . . Rammed 2 | . . . . . . 2 . . . Targets Rammed 2 | . . . . . . 2 . . . Kicked . | . . . . . . . . . . Crushed . | . . . . . . . . . . Highest Temperature 115 | . 6 5 . . 25 37 81 115 54 Average Temperature 27 | . 6 5 . . 8 14 26 55 23 Received Heat Transfer 1364 | . 36 90 . . 369 158 224 198 289 Siege Activations . | . . . . . . . . . . Robots Corrupted . | . . . . . . . . . . Combat Hostiles . | . . . . . . . . . . Parts Fried 3 | . . . . . . 1 . 2 . Impact Corruptions 2 | . . . . . . 2 . . . Robots Melted . | . . . . . . . . . . Combat Hostiles . | . . . . . . . . . . Parts Melted . | . . . . . . . . . . Heat Transferred 175 | . . . . . 125 . . 50 . Parts Sabotaged . | . . . . . . . . . . Parts Stolen . | . . . . . . . . . . Parts Stripped . | . . . . . . . . . . Power Chain Reactions 1 | . . . . . . . . 1 . Missiles Intercepted . | . . . . . . . . . . Alert | -11 -10 -10 -10 -9 -8 -7 -7 -7 -7 ------- Run | Scr Mat Min Exi Min Mat Fac Low Low Zio Peak Influence 253 | . 90 170 . . 253 127 . . . Initial 77 | . . 34 . . . 77 . . . Average 79 | . 43 99 . . 148 54 . . . Maximum Alert Level 1 | . . . . . 1 . . . . Low Security (%) 92 | 100 100 100 . 100 68 100 . . . Level 1 7 | . . . . . 31 . . . . Level 2 . | . . . . . . . . . . Level 3 . | . . . . . . . . . . Level 4 . | . . . . . . . . . . Level 5 . | . . . . . . . . . . High Security . | . . . . . . . . . . Max Security . | . . . . . . . . . . Squads Dispatched 9 | . 1 . . . 3 5 . . . Investigation 2 | . . . . . 1 1 . . . Extermination 2 | . . . . . . 2 . . . Reinforcement 5 | . 1 . . . 2 2 . . . Assault . | . . . . . . . . . . Garrison . | . . . . . . . . . . Intercept . | . . . . . . . . . . Searches Triggered . | . . . . . . . . . . Construction Impeded 1 | . . . . . 1 . . . . Haulers Reinforced 1 | . . . . . . 1 . . . Active Scanning Responses . | . . . . . . . . . . Cargo Convoy Interrupts . | . . . . . . . . . . Stealth | -11 -10 -10 -10 -9 -8 -7 -7 -7 -7 --------- Run | Scr Mat Min Exi Min Mat Fac Low Low Zio Distress Signals 1 | . . . . . 1 . . . . Communications Jammed . | . . . . . . . . . . Distress Signals . | . . . . . . . . . . Times Spotted 101 | . 8 4 . . 20 14 10 8 37 Peak Tracking Total 28 | . 5 2 . . 6 5 4 6 28 Tactical Retreats 8 | . . 1 . . 1 . 3 . 3 Traps | -11 -10 -10 -10 -9 -8 -7 -7 -7 -7 ------- Run | Scr Mat Min Exi Min Mat Fac Low Low Zio Traps Triggered 3 | . . . . . 1 2 . . . Indirectly . | . . . . . . . . . . Trap Hack Attempts . | . . . . . . . . . . Triggered . | . . . . . . . . . . Disarmed . | . . . . . . . . . . Reprogrammed . | . . . . . . . . . . Reused . | . . . . . . . . . . Traps Extracted . | . . . . . . . . . . Installed . | . . . . . . . . . . Triggered 2 | . . . . . . . 2 . . Machines | -11 -10 -10 -10 -9 -8 -7 -7 -7 -7 ---------- Run | Scr Mat Min Exi Min Mat Fac Low Low Zio Machines Disabled 1 | . . . . . 1 . . . . Max in Single Turn 1 | . . . . . 1 . . . . Machines Sabotaged . | . . . . . . . . . . Garrisons Compromised . | . . . . . . . . . . Overloaded Fab Kills . | . . . . . . . . . . Hacking | -11 -10 -10 -10 -9 -8 -7 -7 -7 -7 --------- Run | Scr Mat Min Exi Min Mat Fac Low Low Zio Machines Accessed 11 | . 3 . . . 2 6 . . . Terminals 6 | . 2 . . . 1 3 . . . Fabricators . | . . . . . . . . . . Repair Stations 1 | . . . . . . 1 . . . Recycling Units 3 | . 1 . . . 1 1 . . . Scanalyzers 1 | . . . . . . 1 . . . Garrison Access . | . . . . . . . . . . Total Hacks 26 | . 10 . . . 5 11 . . . Successful 11 | . 3 . . . 3 5 . . . Failed 15 | . 7 . . . 2 6 . . . Catastrophic 1 | . 1 . . . . . . . . Database Lockouts . | . . . . . . . . . . Manual 20 | . 10 . 1 . 5 4 . . . Terminals 17 | . 8 . . . 3 6 . . . Fabricators . | . . . . . . . . . . Repair Stations 1 | . . . . . . 1 . . . Recycling Units 6 | . 2 . . . 2 2 . . . Scanalyzers 2 | . . . . . . 2 . . . Garrison Access . | . . . . . . . . . . Terminal Hacks 4 | . 1 . . . . 3 . . . Record 1 | . . . . . . 1 . . . Open DSF 2 | . . . . . . 2 . . . Branch Access Points 1 | . 1 . . . . . . . . Fabricator Hacks . | . . . . . . . . . . Repair Station Hacks . | . . . . . . . . . . Recycling Unit Hacks . | . . . . . . . . . . Scanalyzer 2 | . . . . . . 2 . . . Insert Component 1 | . . . . . . 1 . . . Analyze 1 | . . . . . . 1 . . . Garrison Access Hacks . | . . . . . . . . . . Unauthorized Hacks 5 | . 2 . . . 3 . . . . Terminals 3 | . 2 . . . 1 . . . . Botnet 3 | . 2 . . . 1 . . . . Fabricators . | . . . . . . . . . . Repair Stations . | . . . . . . . . . . Recycling Units 2 | . . . . . 2 . . . . Reject 1 | . . . . . 1 . . . . Mask 1 | . . . . . 1 . . . . Scanalyzers . | . . . . . . . . . . Garrison Access . | . . . . . . . . . . Data Cores Recovered . | . . . . . . . . . . Used . | . . . . . . . . . . Hacking Detections 10 | . 3 . . . 1 6 . . . Full Trace Events . | . . . . . . . . . . Feedback Events . | . . . . . . . . . . Feedback Blocked . | . . . . . . . . . . Robot Schematics Acquired 2 | . . . . . . . . . 2 Robots Built . | . . . . . . . . . . Authchips . | . . . . . . . . . . Time . | . . . . . . . . . . Total Robot Build Rating . | . . . . . . . . . . Part Schematics Acquired 16 | . . . . . . 1 . . 15 Parts Built . | . . . . . . . . . . Authchips . | . . . . . . . . . . Time . | . . . . . . . . . . Total Part Build Rating . | . . . . . . . . . . Parts Repaired . | . . . . . . . . . . Time . | . . . . . . . . . . Parts Recycled . | . . . . . . . . . . Recycled Matter . | . . . . . . . . . . Retrieved Matter . | . . . . . . . . . . Retrieved Components . | . . . . . . . . . . Parts Scanalyzed 1 | . . . . . . 1 . . . Part Schematics Acquired 1 | . . . . . . 1 . . . Parts Damaged . | . . . . . . . . . . Bothacking | -11 -10 -10 -10 -9 -8 -7 -7 -7 -7 ------------ Run | Scr Mat Min Exi Min Mat Fac Low Low Zio Used RIF Installer . | . . . . . . . . . . Robots Hacked . | . . . . . . . . . . Non-combat . | . . . . . . . . . . Combat . | . . . . . . . . . . Robot Hacks Applied . | . . . . . . . . . . Relay Couplers Released . | . . . . . . . . . . Fabnet Peak Effective % . | . . . . . . . . . . Robots Rewired . | . . . . . . . . . . Allies Hacked . | . . . . . . . . . . Hacks Repelled . | . . . . . . . . . . Allies | -11 -10 -10 -10 -9 -8 -7 -7 -7 -7 -------- Run | Scr Mat Min Exi Min Mat Fac Low Low Zio Total Allies 1 | . . 1 . . . . . . . Largest Group 1 | . . 1 1 . . . . . . Highest-Rated Group 31 | . . 31 31 . . . . . . Highest-Rated Ally 31 | . . 31 31 . . . . . . Total Orders . | . . . . . . . . . . Ally Attacks 14 | . . 14 . . . . . . . Total Damage 269 | . . 269 . . . . . . . Kills 4 | . . 4 . . . . . . . Allies Corrupted . | . . . . . . . . . . Allies Melted . | . . . . . . . . . . Intel | -11 -10 -10 -10 -9 -8 -7 -7 -7 -7 ------- Run | Scr Mat Min Exi Min Mat Fac Low Low Zio Robot Analysis Total . | . . . . . . . . . . Derelict Logs Recovered 4 | . . . . . . . 2 1 1 Drone Launches . | . . . . . . . . . . Drone Recoveries . | . . . . . . . . . . Exploration | -11 -10 -10 -10 -9 -8 -7 -7 -7 -7 ------------- Run | Scr Mat Min Exi Min Mat Fac Low Low Zio Turns Passed 4176 | 7 265 167 261 18 537 1183 819 351 568 Spaces Moved 3219 | 4 195 125 260 17 297 711 510 296 804 Core 816 | . . . . . . . . 12 804 Treads 131 | 2 66 6 . . 9 33 15 . . Legs 2 | 2 . . . . . . . . . Wheels 2270 | . 129 119 260 17 288 678 495 284 . Hover . | . . . . . . . . . . Flight . | . . . . . . . . . . Fastest Speed 50 | 120 100 100 100 100 95 140 110 50 50 Average Speed 112 | 140 120 102 100 100 113 146 143 107 67 Slowest Speed 330 | 160 160 160 100 100 165 245 330 130 100 Overloaded Moves . | . . . . . . . . . . Propulsion Burnouts . | . . . . . . . . . . Robots Hopped . | . . . . . . . . . . Cave-ins Triggered . | . . . . . . . . . . Exploration Rate (%) 37 | 2 44 27 47 6 27 24 73 46 76 Regions Visited 9 Branch Regions 6 Pre-discovered Areas 2 | . . . . . . . . . 2 Known Exits Taken 1 | . 1 . . . . . . . . Unknown Exits Taken 8 | 1 . 1 1 1 1 1 1 1 . Scrap Searched 4 | . . . . . . . 2 . 2 Spaces Dug 6 | . . . . . . 6 . . . Terrain Destroyed 91 | . . . . . 69 16 . 6 . Melee 6 | . . . . . . 6 . . . Projectile . | . . . . . . . . . . AOE 85 | . . . . . 69 10 . 6 . Terrain Rammed . | . . . . . . . . . . Walls Destroyed . | . . . . . . . . . . Machines Disabled . | . . . . . . . . . . Actions | -11 -10 -10 -10 -9 -8 -7 -7 -7 -7 --------- Run | Scr Mat Min Exi Min Mat Fac Low Low Zio Total 3588 | 5 218 153 260 18 448 792 562 313 819 Wait 198 | . 12 22 . . 104 24 26 10 . Move 3210 | 3 194 124 259 16 296 710 509 295 804 Hop . | . . . . . . . . . . Pick Up 21 | . 3 1 1 1 3 11 . . 1 Fast Attach 11 | . 1 . . . 2 1 2 1 4 Attach 15 | . . . . . 7 4 4 . . Detach 1 | . . . . . . . . . 1 Swap 14 | 2 1 . . . 5 6 . . . Drop 8 | . 2 . . 1 1 . . . 4 Fire 91 | . 5 6 . . 30 22 21 7 . Melee 17 | . . . . . . 12 . . 5 Ram 2 | . . . . . . 2 . . . Kick . | . . . . . . . . . . Crush . | . . . . . . . . . . Escape Stasis . | . . . . . . . . . . Rewire . | . . . . . . . . . . Trap . | . . . . . . . . . . Miscellaneous . | . . . . . . . . . . Route ------- -11/Scrapyard -10/Materials (discovered 2 exits: *Min x2) -10/Mines -10/Exiles -9/Mines -8/Materials -7/Factory -7/Lower Caves -7/Lower Caves -7/Zion (discovered 1 exit: [*Pro]) History --------- Turn | Location | Event 1 | -11/Scrapyard | Discovered new exit (range 3) 8 | -11/Scrapyard | Entered Materials 238 | -10/Materials | Identified exit to Mines 273 | -10/Materials | Entered Mines 276 | -10/Mines | Received a Mining Laser from a helpful Derelict 277 | -10/Mines | Met a Derelict bent on vengeance 283 | -10/Mines | Assembled infested the area 305 | -10/Mines | Build established: Mutant 431 | -10/Mines | Discovered new exit (range 5) 440 | -10/Mines | Entered Exiles 440 | -10/Exiles | Accompanied by 1 ally 465 | -10/Exiles | Met 8R-AWN 480 | -10/Exiles | Met EX-HEX 551 | -10/Exiles | Met EX-BIN 566 | -10/Exiles | Aligned with FarCom system 567 | -10/Exiles | Given EX-Vault access code 591 | -10/Exiles | Opened EX-Vault 595 | -10/Exiles | Found Prototype Device 617 | -10/Exiles | Warned to stay clear of 0b10 Research branches 686 | -10/Exiles | Discovered new exit (range 15) 701 | -10/Exiles | Left Exiles lab with Skeleton Box 701 | -10/Exiles | Entered Mines 701 | -9/Mines | Discovered new exit (range 10) 707 | -9/Mines | YI-UF0 nonchalantly dropped a Grenade Launcher on the ground 719 | -9/Mines | Entered Materials 719 | -8/Materials | Evolved 4 slots: Propulsion x1, Utility x3 720 | -8/Materials | Identified Skeleton Box 865 | -8/Materials | Discovered new exit (range 16) 1249 | -8/Materials | Build established: Skirmisher 1256 | -8/Materials | Entered Factory 1256 | -7/Factory | Evolved 2 slots: Propulsion x1, Utility x1 1836 | -7/Factory | Build established: Assassin 2256 | -7/Factory | Lost 3 parts (3n) 2322 | -7/Factory | Build established: Skirmisher 2423 | -7/Factory | Discovered new exit (range 11) 2439 | -7/Factory | Entered Lower Caves 2445 | -7/Lower Caves | Learned Factory emergency access door positions 2539 | -7/Lower Caves | Lost 3 parts (1n1u1w) 2687 | -7/Lower Caves | Learned Factory non-interactive machine intel 2739 | -7/Lower Caves | Build established: Mutant 2775 | -7/Lower Caves | Spotted B-75 Beast 3241 | -7/Lower Caves | Discovered new exit (range 15) 3258 | -7/Lower Caves | Entered another Lower Caves area 3589 | -7/Lower Caves | Learned Factory terminal intel 3601 | -7/Lower Caves | Released all parts (9) 3604 | -7/Lower Caves | Discovered new exit (range 10) 3609 | -7/Lower Caves | Entered Zion 3624 | -7/Zion | Found CR-A16's Pointy Stick 3632 | -7/Zion | Lost 4 parts (1p2n1u) 3669 | -7/Zion | Discovered new exit (range 15) 3783 | -7/Zion | Visited the Megawrench Repair Shop 3785 | -7/Zion | Megawrench repaired 1 part 3813 | -7/Zion | Given the Hacking Drone Bay 3817 | -7/Zion | Found Prototype Device 3817 | -7/Zion | Identified Hacking Drone Bay 4056 | -7/Zion | Rebuked by Imprinter 4076 | -7/Zion | Attempted to imprint without authorization 4076 | -7/Zion | Attacked by Zionites 4116 | -7/Zion | Core integrity fell below 50% 4167 | -7/Zion | Core integrity fell below 20% 4172 | -7/Zion | Spotted 94-7C1(B) 4176 | -7/Zion | Spotted SQ-IH1(B) 4177 | -7/Zion | Destroyed by 94-7C1(B) with Slug Cannon Last Messages --------------- 04132_ 2D-O9U(z) pulls a Mak. Axe out of the Twisted Machinery. 9U-TVC(z) bursts out of the Twisted Machinery. 04139_ 9U-TVC(z) rummages through the Twisted Machinery. 04140_ 9U-TVC(z) pulls a Mak. Laser out of the Twisted Machinery. OC-TKI(z) bursts out of the Twisted Machinery. 04142_ OC-TKI(z) pulls a Mak. Shrapnel Gun out of the Twisted Machinery. 04145_ 2E-EKK(z) pulls a Mak. Shrapnel Gun out of the Twisted Machinery. 04147_ DU-TEQ(z) pulls a Mak. Sword out of the Twisted Machinery. 04147_ B2-P9H(z) pulls a Mak. Spear out of the Twisted Machinery. 04148_ RH-ULG(z) pulls a Mak. Spear out of the Twisted Machinery. 04155_ XX-C3D(z) pulls a Mak. Spear out of the Twisted Machinery. 04155_ 6S-EPP(z) pulls a Mak. Axe out of the Twisted Machinery. 04156_ System corrupted: IFF burst signal emitted. 04156_ 4L-5PB(z) pulls a Mak. Shrapnel Gun out of the Twisted Machinery. 04160_ CR-A16's Pointy Stick destroyed. 04160_ KN-0AM(z) destroyed. 04165_ PT-CUS(z) pulls a Mak. Laser out of the Twisted Machinery. 04167_ UR-PJP(z) pulls a Mak. Laser out of the Twisted Machinery. 04171_ RD-5SA(z) pulls a Mak. Laser out of the Twisted Machinery. 04177_ Penetrated by Slug. Map ----- +----------------------------------------------------+ | " """""" """ """ """"""#???????????????????????? | | """""" "" """ "#""#"#???????????????????????? | | """ %! "######???????????????????????? | | """ """ / ""#???????????????????????????? | | """ """" """""#"#"?????????????????????????? | | """ """" ""#"""""""#????????????????????????? | | """ """"""" """????????????????????????? | | #""" """" ""????????????????????????? | | ##"" """ """????????????????????????? | | """##" """ "" """#????????????????????????? | | """""" #""" """#???????????????????###???? | | """""" #""""" " "###???????????????????# ##### | | ##"""" #""""" "#?????????????????????# ## | | ####"" """"" ""#?????????????????????# | | ??##"" """" ""##?????????????????????# | | ??#"#" " ""#?????????????????????## | | ?##""" " "" ""#?????????????????????# | | ?#"#" """"##?????????????????????# | | ??#"" """#"#?????????????????????## | | ??#"" "" ""#####??????????????????????### | | ?##"" "" """##????????#####??????????????### | | ##""" "" "#""#????????# "############?###?## | | #""" "" ""#########??#BB""""""""""""### #??# | | #"" "###""""""####BB""""""""""""## ##?# | | #"" """##""""""# # #?# | | ##""" """""""""" @ #?# | | #"##"" """ """" z z #?# | | ##?#"" "" """# % ### ### | | ???#"" z ""###BB""""""""""""#?#"" | | ???##" "#?#BB""""""""""""#?#" /! | | ???#"" z #?# "############?#"" | | ???#"" z ""#?#####????????????#### | | ???#"" "" ""##?????????????????????## | | ??###" "" """#??????????????????????## | | ?##""" ""#"#?????????????????????## | | ?#"""" """""###????????????????????# | | ?#"" " """" """""""#"???????????????????##### | | ?##" """""" """""#???????????????????????? | | ##"" #"""""" "#????????????????????????? | | #""" """"""" "##???????????????????????? | | #""" "" ""#???????????????????????? | | ##" " ## ## ""#???????????????????????? | | """ # # ###???????????????????????? | | """ #?????????????????????????? | | %= """ #?????????????????????????? | | ! """ """ #?????????????????????????? | | "#""#""""""" # # #?????????????????????????? | | """""""#" ## ## #?????????????????????????? | | #""##"""" #?????????????????????????? | | #"""##""" """ """#????????????????????????? | +----------------------------------------------------+ Best States ------------- Heat Dissipation 44 Energy Generation 18 Energy Capacity 310 Matter Stores 300 Matter Capacity 300 Sight Range 16 Robot Scan Range 15 Terrain Scan Range 16 Terrain Scan Density 85 Armor Coverage 225 Evasion (%) 50 Armor Integrity Analysis 30 Recoil Reduction 2 Item Schematics ----------------- Grenade Launcher | -7/Factory | Scanalyzed Bore Cannon | -7/Zion | Archive Med. Treads | -7/Zion | Archive Flak Gun | -7/Zion | Archive Thermal Shield | -7/Zion | Archive Mak. Thermal Plating | -7/Zion | Archive Fission Core | -7/Zion | Archive Core Analyzer | -7/Zion | Archive Imp. Coolant Injector | -7/Zion | Archive KE Penetrator | -7/Zion | Archive Gatling Laser | -7/Zion | Archive Nuclear Pulse Thruster | -7/Zion | Archive Arm. Huge Wheel | -7/Zion | Archive Energy Well | -7/Zion | Archive Imp. Cryofiber Web | -7/Zion | Archive Recalibrator | -7/Zion | Archive Robot Schematics ------------------ A-02 Transporter | -7/Zion | Archive L-41 Fighter | -7/Zion | Archive Fabricated ------------ Nothing Alien Tech Used ----------------- None Achievements -------------- None Challenges ------------ None Game ------ Seed DirtyStormPenetrator Manual? 0 Play Time 00:48:57 Cumulative 45.1 hours Start 2022.11.03 @ 18:13:15 End 2022.11.03 @ 19:00:21 Sessions 1 Manual Loads 0 Difficulty Rogue Special Mode None Game No. 90 Rogue 90 Adventurer 0 Explorer 0 Win Type - Total 1 Types 1/0/0/0/0/0/0/0/0 Lore% 35 Gallery% 39 Achievement% 30 Wizard Run 0 Options --------- ASCII 0 Keyboard 1 Movement Vi Keybinds 1 Fullscreen 1 Font 18/SmallcapsGlow Map View 76x50 Tactical HUD 1 Map Filters NONE Filters NONE Steam 1 RUN: 1122f4a1-8d61-49f8-9670-edab8b814de4